 Dungeon Crawl Stone Soup version 0.29.0-11-gd7f09526c8 (webtiles) character file.

Game seed: 2646780616842385085

2 Zeldest the Grasshopper (level 1, 0/17 HPs)
             Began as a Meteoran Warper on Sept 3, 2022.
             Slain by a rat (2 damage)
             ... on level 1 of the Dungeon.
             The game lasted 00:00:32 (90 turns).

Zeldest the Grasshopper (Meteoran Warper)             Turns: 90, Time: 00:00:33

Health: 0/17       AC:  3    Str: 12    XL:     1   Next: 57%
Magic:  5/5        EV: 12    Int: 14    God:
Gold:   3          SH:  0    Dex: 13    Spells: 5/5 levels left

rFire   . . .      SeeInvis .     - Unarmed
rCold   . . .      Faith    .   (no shield)
rNeg    . . .      Spirit   .   a - +0 leather armour
rPois   .          Reflect  .   (no helmet)
rElec   .          Harm     .   (no cloak)
rCorr   .          Rampage  .   (no gloves)
Will    .....                   (no boots)
Stlth   +.........              (no amulet)
HPRegen 0.05/turn               (no ring)
MPRegen 0.09/turn               (no ring)

@: glowing
A: sense surroundings 1, otherworldly, glowing, explore regen
a: no special abilities


You were on level 1 of the Dungeon.
You visited 1 branch of the dungeon, and saw 1 of its levels.

You collected 3 gold pieces.

Inventory:

Missiles
 c - 2 boomerangs of dispersal (quivered)
Armour
 a - a +0 leather armour (worn)
Scrolls
 b - a scroll of blinking


   Skills:
 - Level 2.1 Fighting
 - Level 1.2 Throwing
 - Level 1.2 Armour
 - Level 2.4 Dodging
 * Level 2.5 Unarmed Combat
 - Level 2.6 Spellcasting
 * Level 3.7 Translocations
 + Level 0.2 Transmutations


You had 5 spell levels left.
You didn't know any spells.
Your spell library contained the following spells:

 Spells                   Type           Power      Damage    Failure   Level
 Blink                    Tloc           24%        N/A       10%         2
 Gell's Gravitas          Tloc           12%        N/A       19%         3
 Lesser Beckoning         Tloc           12%        N/A       19%         3
 Teleport Other           Tloc           12%        N/A       19%         3
 Manifold Assault         Tloc           12%        N/A       86%         5


Dungeon Overview and Level Annotations

Branches:
Dungeon (1/15) Zot: 508

Altars:


Innate Abilities, Weirdness & Mutations

You passively map a small area around you.
You are easily found by Zot.
You glow in the dark.
You regain HP and MP as you explore.


Message History

You hit the kobold but do no damage.
The kobold hits you with a +0 short sword.
* * * LOW HITPOINT WARNING * * *
Throw: 6 boomerangs (disperse)
Press: ? - help, Q - select action Shift-Dir - straight line, f/p - kobold
Aim: a kobold, wielding a +0 short sword (moderately wounded, 50% to hit)
You throw a boomerang of dispersal.
The boomerang of dispersal completely misses the kobold.
The boomerang of dispersal closely misses the kobold.
The kobold barely misses you.
Throw: 5 boomerangs (disperse)
Press: ? - help, Q - select action Shift-Dir - straight line, f/p - kobold
Aim: a kobold, wielding a +0 short sword (moderately wounded, 50% to hit)
You throw a boomerang of dispersal.
The boomerang of dispersal hits the kobold.
The kobold blinks!
The kobold is moderately wounded.
Throw: 4 boomerangs (disperse)
Press: ? - help, Q - select action Shift-Dir - straight line, f/p - kobold
Aim: a kobold, wielding a +0 short sword (translocational energy, moderately wounded, 50% to hit)
You throw a boomerang of dispersal.
The boomerang of dispersal hits the kobold but does no damage.
The kobold is moderately wounded.
The kobold completely misses you.
Unknown command.
You hit the kobold.
You kill the kobold!
Throw: 3 boomerangs (disperse)
Press: ? - help, Q - select action Shift-Dir - straight line, f - kobold
Aim: a kobold, wielding a +0 short sword (50% to hit)
You throw a boomerang of dispersal.
The boomerang of dispersal hits the kobold.
The kobold blinks!
You kill the kobold!
A rat comes into view.
Things that are here:
a +0 short sword; a kobold corpse The rat twitches its whiskers.
You barely miss the rat. The rat bites you.
You die...

, #., , ,, , ,, * .. , ,, ...
*#+# ##### #.. ##.##### #...#
#..., ..#,..# #...# #...####.#
#.# #...#
#.....##.###.###############...#*
).....)........r@..........'...+
#...#.##.....###############...#
... #.######.# ###...# #. #.# #.#
##.....# . ..# ..# ###..##### ,
..# ### #...## , ...# #.### ,#.##
#.# ,, ## #.#


You could see a rat.

Vanquished Creatures
  A giant cockroach (D:1)
  2 kobolds (D:1)
3 creatures vanquished.

Notes
Turn   | Place    | Note
-------+----------+-------------------------------------------
     0 | D:1      | Zeldest the Meteoran Warper began the quest for the Orb.
     0 | D:1      | Reached XP level 1. HP: 17/17 MP: 5/5
    90 | D:1      | Slain by a rat

Illustrated notes

Levels and vault maps discovered:
D:1:      roderic_chinese_lattice_arrival, layout_basic

Action                   || total
-------------------------++-------
Melee: Unarmed           ||    24
Throw: Boomerang         ||     5
Armor: Leather armour    ||     6
Dodge: Dodged            ||    12
